 Dungeon Crawl Stone Soup version 0.29-a0-961-gfab03dca74 (webtiles) character file.

Game seed: 7066104463304023329

17995 Elmgren the Severer (level 12, -7/106 HPs)
             Began as a Minotaur Berserker on July 30, 2022.
             Was an Elder of Trog.
             Mangled by a ghost moth (15 damage)
             ... on level 2 of the Spider Nest.
             The game lasted 00:44:47 (21797 turns).

Elmgren the Severer (Minotaur Berserker)           Turns: 21797, Time: 00:44:47

Health: -7/106     AC: 19    Str: 21 (22) XL:     12   Next: 23%
Magic:  0/11       EV:  9    Int:  2 (4)  God:    Trog [****..]
Gold:   807        SH:  0    Dex: 13 (15) Spells: 11/11 levels left

rFire   + . .      SeeInvis .   g - +6 war axe of an ice cave {holy, rElec Str-5 Dex+5}
rCold   + . .      Faith    .   (no shield)
rNeg    . . .      Spirit   +   f - +2 plate armour
rPois   .          Reflect  .   (helmet restricted)
rElec   +          Harm     .   r - scarf {rC+ rF+}
rCorr   .          Rampage  .   p - +0 pair of gloves
Will    .....                   h - +0 pair of boots
Stlth   ..........              k - amulet of guardian spirit
HPRegen 0.27/turn               (no ring)
MPRegen 0.12/turn               (no ring)

@: about to teleport, spiked, on berserk cooldown, slowed, very slow
A: horns 2, retaliatory headbutt
a: Renounce Religion, Berserk, Trog's Hand, Brothers in Arms


You were on level 2 of the Spider Nest.
You worshipped Trog.
Trog was greatly pleased with you.
You visited 3 branches of the dungeon, and saw 14 of its levels.

You collected 807 gold pieces.

Inventory:

Hand Weapons
 g - the +6 war axe of an ice cave (weapon) {holy, rElec Str-5 Dex+5}
   (You found it on level 2 of the Dungeon)

   It has been blessed by the Shining One to cause great damage to the undead
   and demons.
   Str:       It affects your strength (-5).
   Dex:       It affects your dexterity (+5).
   rElec:     It insulates you from electricity.
 y - a +2 whip of venom
Missiles
 c - 9 poisoned darts (quivered)
 q - 3 throwing nets
Armour
 b - a +1 chain mail of cold resistance
 f - a +2 plate armour (worn)
 h - a +0 pair of boots (worn)
 p - a +0 pair of gloves (worn)
 r - a scarf of resistance (worn)
 s - a +1 cloak of preservation
 E - the +1 ring mail of Vexation {*Corrode rElec rC+++ Regen+}
   (You found it on level 2 of the Spider Nest)

   rC:        It renders you almost immune to cold.
   rElec:     It insulates you from electricity.
   Regen:     It increases your rate of health regeneration.
   *Corrode:  It may corrode you when you take damage.
Jewellery
 k - an amulet of guardian spirit (around neck)
Wands
 m - a wand of polymorph (29)
 o - a wand of paralysis (19)
 w - a wand of iceblast (9)
 x - a wand of digging (6)
 z - a wand of flame (42)
 B - a wand of quicksilver (8)
Scrolls
 d - a scroll of brand weapon
 e - 10 scrolls of teleportation
 j - a scroll of summoning
 l - a scroll of silence
 n - 2 scrolls of vulnerability
 t - 11 scrolls of identify
 u - 2 scrolls of butterflies
 C - a scroll of enchant weapon
Potions
 a - 4 potions of flight
 i - a potion of invisibility
 v - 2 potions of ambrosia
 A - a potion of magic
 D - a potion of might {unknown}


   Skills:
 + Level 10.2 Fighting
 + Level 18.8 Axes
 + Level 9.9 Armour
 + Level 6.5 Dodging


You had 11 spell levels left.
You didn't know any spells.
Your spell library was empty.

Dungeon Overview and Level Annotations

Branches:
Dungeon (9/15) Zot: 23585  Temple (0/1) D:7            Lair (3/5) D:9 Zot: 13166
 Spider (2/4) Lair:2 Zot: 11456
  Swamp: Lair:2-3    Shoals: Lair:2-3       Orc: D:9-12

Altars:
Ashenzari
Fedhas
Kikubaaqudgha
Makhleb


Innate Abilities, Weirdness & Mutations

You have a pair of horns on your head.
You reflexively headbutt those who attack you in melee.


Message History

Okay, then.
A red film seems to cover your vision as you go berserk!
You feel yourself moving faster!
You feel mighty!
You feel you are being watched by something.
Something hits you but does no damage. x2; Something stings you!
* * * LOW HITPOINT WARNING * * *
You feel dopey.
The barbs in your skin will harm you if you move.
Continue? [Y]es or [N]o only, please.
The barbs in your skin will harm you if you move.
Continue?
Okay, then.
You feel a strong urge to attack something.
You feel you are being watched by something.
Something hits you but does no damage. Something hits you!
* * * LOW HITPOINT WARNING * * *
Something stings you.
* * * LOW HITPOINT WARNING * * *
You feel dopey.
Something hits you but does no damage. x2; Something completely misses you.
There is a strange disturbance nearby!
You feel your anger nearly subside.
You are no longer berserk.
You are exhausted.
You feel yourself slow down.
You feel you are being watched by something.
Something completely misses you. Something hits you.
* * * LOW HITPOINT WARNING * * *
You feel weakened.
Something stings you but does no damage.
You feel you are being watched by something.
Something hits you but does no damage. x2; Something stings you.
* * * LOW HITPOINT WARNING * * *
Something hits you.
* * * LOW HITPOINT WARNING * * *
Something hits you but does no damage.
Something stings you but does no damage.
Okay, then.
As you read the scroll of teleportation, it crumbles to dust.
You feel strangely unstable. Something hits you!
You die...

........
... ... .
.....# ..
....## ...
### .#..#
.... ##.#
#...#.....
#.^##
#..{......
# #...##.##
###@.......
. ### #..#
#..##......
.#### ##.##
##^# .....
....###..#
#.# ....
.....#..##
#.# ....
........#
##.# .# ..
........#
##..##.# #
.......##
###.....##
..<....#
#.....^..#


There were no monsters in sight!

Vanquished Creatures
  3 hydras
  A steelbarb worm (Spider:2)
  2 wolf spiders (Spider:1)
  A manticore (D:6)
  5 elephants (Lair:3)
  3 black mambas
  3 cane toads
  A torpor snail (Spider:1)
  3 komodo dragons
  A tarantella (Spider:1)
  A hornet (D:9)
  A troll (D:6)
  Grinder (D:5)
  7 blink frogs
  A culicivora (Spider:1)
  2 jumping spiders (Spider:1)
  9 yaks
  A wyvern (D:9)
  A basilisk (Lair:2)
  2 steam dragons
  Menkaure (D:7)
  3 swamp worms (Lair:2)
  Edmund (D:4)
  3 redbacks (Spider:1)
  6 water moccasins
  2 black bears
  3 sky beasts
  3 orc warriors
  An ice beast (D:5)
  An ogre (D:6)
  5 wolves (Lair:2)
  A phantom (D:5)
  Blork the orc (D:4)
  6 bullfrogs
  A necrophage (D:8)
  3 scorpions (D:5)
  4 wights (D:7)
  9 killer bees
  A howler monkey (D:9)
  5 hounds
  2 jellies
  Crazy Yiuf (D:5)
  3 orc priests
  5 gnoll boudas
  5 iguanas
  3 orc wizards
  6 hell rats
  27 gnolls
  10 adders
  A white imp (D:7)
  3 ufetubi (D:6)
  A worm (D:3)
  A dart slug (D:1)
  28 orcs
  12 ball pythons
  9 bats
  7 endoplasms
  A giant cockroach (D:4)
  7 goblins
  6 hobgoblins
  3 quokkas
  2 frilled lizards (D:3)
  4 kobolds (D:1)
  7 rats
263 creatures vanquished.

Vanquished Creatures (others)
  10 fungi
  19 plants
29 creatures vanquished.

Grand Total: 292 creatures vanquished

Notes
Turn   | Place    | Note
-------+----------+-------------------------------------------
     0 | D:1      | Elmgren the Minotaur Berserker began the quest for the Orb.
     0 | D:1      | Reached XP level 1. HP: 19/19 MP: 0/0
   103 | D:1      | Found a faded altar of an unknown god.
   103 | D:1      | Noticed a ynoxinul
   132 | D:1      | Reached skill level 4 in Axes
   208 | D:1      | Reached XP level 2. HP: 21/26 MP: 1/1
   462 | D:1      | Reached ** piety under Trog
   689 | D:1      | Reached skill level 5 in Axes
  1395 | D:2      | Identified the +6 war axe of an ice cave {holy, rElec Str-5
                  | Dex+5}
  1457 | D:2      | Reached XP level 3. HP: 31/31 MP: 2/2
  2566 | D:3      | Reached skill level 6 in Axes
  2566 | D:3      | Reached XP level 4. HP: 37/39 MP: 3/3
  4377 | D:4      | Noticed a sky beast
  4389 | D:4      | Killed a sky beast
  4390 | D:4      | Reached skill level 7 in Axes
  4390 | D:4      | Reached XP level 5. HP: 37/45 MP: 4/4
  4450 | D:4      | Reached skill level 8 in Axes
  4547 | D:4      | Noticed Edmund
  4577 | D:4      | Killed Edmund
  4578 | D:4      | Reached XP level 6. HP: 43/51 MP: 1/5
  4756 | D:4      | Reached skill level 9 in Axes
  4974 | D:5      | Entered Level 5 of the Dungeon
  4998 | D:5      | Noticed Blork the orc
  5018 | D:4      | Killed Blork the orc
  5159 | D:5      | Reached XP level 7. HP: 57/57 MP: 6/6
  5179 | D:5      | Found a broken altar of Ashenzari.
  5206 | D:5      | Reached skill level 10 in Axes
  5617 | D:5      | Reached skill level 11 in Axes
  5662 | D:5      | Noticed Grinder
  5682 | D:5      | Paralysed by Grinder for 3 turns
  5688 | D:5      | Killed Grinder
  5689 | D:5      | Reached XP level 8. HP: 64/64 MP: 7/7
  5809 | D:5      | Reached skill level 12 in Axes
  6219 | D:5      | Found a runed translucent door.
  6220 | D:5      | Noticed Crazy Yiuf
  6225 | D:5      | Killed Crazy Yiuf
  7172 | D:6      | Reached skill level 13 in Axes
  7337 | D:6      | Reached *** piety under Trog
  7682 | D:6      | Found a blossoming altar of Fedhas.
  8239 | D:6      | Noticed a troll
  8252 | D:6      | Killed a troll
  8253 | D:6      | Reached skill level 14 in Axes
  8253 | D:6      | Reached XP level 9. HP: 70/70 MP: 5/8
  8583 | D:6      | Noticed a manticore
  8596 | D:6      | Killed a manticore
  8597 | D:6      | Reached skill level 15 in Axes
 10089 | D:7      | Found a staircase to the Ecumenical Temple.
 10278 | D:7      | Reached skill level 16 in Axes
 10599 | D:7      | Noticed Menkaure
 10605 | D:7      | Killed Menkaure
 12144 | D:8      | Reached XP level 10. HP: 79/79 MP: 7/9
 13848 | D:9      | Reached skill level 5 in Fighting
 13851 | D:9      | Reached **** piety under Trog
 13852 | D:9      | Reached skill level 17 in Axes
 14306 | D:9      | Found a staircase to the Lair.
 14589 | D:9      | Found an ancient bone altar of Kikubaaqudgha.
 14596 | D:9      | Found a burning altar of Makhleb.
 14631 | D:9      | Reached skill level 5 in Armour
 15507 | Lair:1   | Entered Level 1 of the Lair of Beasts
 15748 | Lair:1   | Noticed a cane toad
 15764 | D:9      | Killed a cane toad
 17232 | Lair:1   | Noticed a black mamba
 17241 | Lair:1   | Killed a black mamba
 17313 | Lair:1   | Reached XP level 11. HP: 89/92 MP: 7/10
 18544 | Lair:2   | Noticed a five-headed hydra
 18573 | Lair:2   | Killed a five-headed hydra
 18704 | Lair:2   | Noticed a five-headed hydra
 19095 | Lair:2   | Killed a five-headed hydra
 19096 | Lair:2   | Reached skill level 18 in Axes
 20000 | Lair:2   | Found a hole to the Spider Nest.
 20040 | Lair:2   | You fall into a shaft and drop 1 floor!
 20042 | Lair:3   | Noticed a four-headed hydra
 20050 | Lair:3   | Killed a four-headed hydra
 20170 | Lair:3   | Reached skill level 5 in Dodging
 20966 | Lair:2   | Reached XP level 12. HP: 35/106 MP: 6/11
 21254 | Spider:1 | Entered Level 1 of the Spider Nest
 21340 | Spider:1 | Reached skill level 10 in Fighting
 21768 | Spider:2 | Identified the +1 ring mail of Vexation {*Corrode rElec
                  | rC+++ Regen+}
 21797 | Spider:2 | Mangled by a ghost moth

Illustrated notes

Levels and vault maps discovered:
D:1:      zelgadis_glass_arrival_small, layout_basic,
          dreamdust_ecumenical_altar_sealed_demon, st_stairs_5
D:2:      layout_rooms, columned_hall_lemuel, dk_noncrumbling_4,
          minmay_shallow_snake_nest
D:3:      minmay_bubble_buster, layout_basic
D:4:      layout_cave_pools, minmay_cupped, uniq_edmund
D:5:      layout_cave_pods, amcnicky_altar_gilded, minivault_4,
          amcnicky_mini_pool_small, uniq_blork_the_orc, uniq_grinder,
          uniq_crazy_yiuf_cottage
D:6:      layout_loops_ring, nicolae_overflow_crystal_walls,
          hangedman_abyss_or_decor_passed, minmay_strange_pillars,
          minmay_misc_feat_five
D:7:      layout_basic, minmay_temple_entry_junction, nicolae_titane,
          uniq_menkaure
D:8:      layout_gridville, nicolae_fountain_basement
D:9:      layout_roguey, mainiacjoe_overflow_catwalk_spiral, david_lair_shrubbed
Lair:1:   layout_roguey, grunt_megastairs_3
Lair:2:   layout_gridlike, palyth_hydra_swamp_entry,
          spider_nest_entry_web_field, lemuel_fruit_tree
Lair:3:   layout_loops_ring, minivault_19
Spider:1: layout_spider_delve
Spider:2: layout_chambers

Skill      XL: |  1  2  3  4  5  6  7  8  9 10 11 12 |
---------------+-------------------------------------+-----
Axes           | 4 5 6 7 8 9 11 14 16 17 18 | 18.8
Fighting       | 4 7 9 10 | 10.2
Armour         | 3 7 9 |  9.9
Dodging        | 5 6 |  6.5

Action                   |  1- 3 |  4- 6 |  7- 9 | 10-12 || total
-------------------------+-------+-------+-------+-------++-------
Melee: Hand axe          |    46 |       |       |       ||    46
       Headbutt          |    11 |     4 |    37 |    72 ||   124
       War axe           |    40 |    69 |   237 |   254 ||   600
       Punch             |       |     1 |     4 |     3 ||     8
       Whip              |       |       |       |    27 ||    27
Throw: Dart              |       |     1 |     2 |       ||     3
Invok: Berserk           |       |     2 |     6 |    11 ||    19
       Trog's Hand       |       |       |     1 |       ||     1
  Use: Scroll            |     6 |     2 |     5 |     6 ||    19
       Potion            |     2 |     4 |     3 |     4 ||    13
Armor: Plate armour      |    74 |    34 |   132 |   204 ||   444
Dodge: Dodged            |    29 |    20 |    76 |   101 ||   226

Table legend: (Time is in decaauts)
 A = Elapsed time spent in this place.
 B = Non-inter-level travel time spent in this place.
 C = Inter-level travel time spent in this place.
 D = Time resting spent in this place.
 E = Time spent auto-exploring this place.
 F = Levels seen in this place.
 G = Mean time per level.
                   A        B        C        D        E       F      G
               +--------+--------+--------+--------+--------+-----+--------+
         Total |  21824 |  21496 |    328 |  13181 |   4732 |  14 | 1558.9 |
       Dungeon |  16449 |  16153 |    296 |   9418 |   4440 |   9 | 1827.7 |
          Lair |   4833 |   4801 |     32 |   3381 |    292 |   3 | 1611.0 |
   Spider Nest |    541 |    541 |      0 |    382 |      0 |   2 |  270.5 |
               +--------+--------+--------+--------+--------+-----+--------+

Top non-repeatable levels by time:
     D:9: 2870 daAuts
  Lair:1: 2723 daAuts
     D:6: 2721 daAuts
     D:8: 2178 daAuts
     D:5: 1843 daAuts
     D:7: 1701 daAuts
     D:3: 1692 daAuts
     D:1: 1329 daAuts
  Lair:2: 1292 daAuts
     D:2: 1207 daAuts
     D:4: 906 daAuts
  Lair:3: 817 daAuts
Spider:1: 483 daAuts
Spider:2: 58 daAuts
